 Dungeon Crawl Stone Soup version 0.22.1 (webtiles) character file.

105 MalarOregon the Firebug (level 4, -2/54 HPs)
             Began as a Hill Orc Fire Elementalist on Sept 18, 2018.
             Slain by Terence
             ... wielding a +3 hand axe
              (5 damage)
             ... on level 2 of the Dungeon.
             The game lasted 00:07:05 (2398 turns).

MalarOregon the Firebug (HOFE)                      Turns: 2398, Time: 00:07:06

Health: -2/54      AC: 22    Str:  7 (10) XL:     4   Next: 83%
Magic:  1/7        EV:  2    Int: 23 (26) God:
Gold:   120        SH:  0    Dex:  9 (11) Spells: 4/7 levels left

rFire    . . .     SeeInvis .   r - +2 dagger (holy)
rCold    . . .     Gourm    .   (no shield)
rNeg     + + +     Faith    .   (armour currently unavailable)
rPois    +         Spirit   .   (helmet currently unavailable)
rElec    .         Reflect  .   (cloak currently unavailable)
rCorr    .         Harm     .   (gloves currently unavailable)
MR       .....     NoTele   +   (boots currently unavailable)
Stlth    ++........             (no amulet)
HPRegen  0.18/turn              j - +5 ring of intelligence
MPRegen  0.10/turn              s - ring of positive energy

@: brilliant, tree-form, berserk cooldown, slowed, very slow
A: no striking features
a: no special abilities


You were on level 2 of the Dungeon.
You were hungry.
You were a tree.
You visited 1 branch of the dungeon, and saw 3 of its levels.

You collected 120 gold pieces.

Inventory:

Hand Weapons
 r - a +2 dagger of holy wrath (weapon)
   (You took it off a goblin on level 2 of the Dungeon)
Armour
 t - a +1 robe of positive energy (melded)
   (You found it on level 3 of the Dungeon)
Jewellery
 j - a +5 ring of intelligence (left branch)
   (You found it on level 1 of the Dungeon)
 s - a ring of positive energy (right branch)
   (You found it on level 2 of the Dungeon)
Scrolls
 b - a scroll of identify {unknown}
 d - 2 scrolls of remove curse {unknown}
 f - a scroll of amnesia {unknown}
 h - a scroll of enchant armour {unknown}
 k - a scroll of magic mapping {unknown}
 l - a scroll of noise {unknown}
 m - a scroll of teleportation {unknown}
 q - a scroll of enchant weapon {unknown}
Potions
 c - 2 potions of degeneration {!q}
 g - a potion of haste {unknown}
 o - a potion of brilliance
Comestibles
 e - 8 rations {!d}


   Skills:
 + Level 1.8 Fighting
 + Level 2.0 Dodging
 - Level 1.5 Stealth
 - Level 2.0 Spellcasting
 * Level 2.5 Conjurations
 * Level 4.1 Fire Magic


You had 4 spell levels left.
You knew the following spells:

 Your Spells              Type           Power        Failure   Level  Hunger
a - Flame Tongue          Conj/Fire      ####.        1%          1    #......
x - Throw Flame           Conj/Fire      ####..       1%          2    ##.....

Your spell library contained the following spells:

 Spells                   Type           Power        Failure   Level  Hunger
 Conjure Flame            Conj/Fire      ####....     1%          3    ###....
 Inner Flame              Hex/Fire       ####....     1%          3    ###....
 Sticky Flame             Conj/Fire      ####....     4%          4    #####..
 Fireball                 Conj/Fire      ####......   10%         5    ######.


Dungeon Overview and Level Annotations

Branches:
Dungeon (3/15)

Altars:

Annotations:
D:2 Terence


Message History

Aim: Terence, wielding an enchanted hand axe and wearing a scale mail The flame tongue hits Terence.
Terence appears unharmed.
Aim: Terence, wielding an enchanted hand axe and wearing a scale mail The flame tongue misses Terence.
Aim: Terence, wielding an enchanted hand axe and wearing a scale mail The flame tongue hits Terence.
Terence closely misses you.
Aim: Terence, wielding an enchanted hand axe and wearing a scale mail The flame tongue hits Terence.
Terence hits you with an enchanted hand axe!
Aim: Terence, wielding an enchanted hand axe and wearing a scale mail The flame tongue misses Terence.
Terence hits you with an enchanted hand axe.
Aim: Terence, wielding an enchanted hand axe and wearing a scale mail The flame tongue hits Terence.
Terence appears unharmed.
Terence hits you with an enchanted hand axe.
It was a potion of degeneration.
There was something very wrong with that liquid.
You feel weakened.
You feel dopey.
You feel clumsy.
Terence screams, "I'm going to kill you!"
Terence drinks a potion.
Terence seems to grow stronger.
It was a potion of brilliance.
You feel clever all of a sudden.
Terence hits you with an enchanted hand axe.
* * * LOW HITPOINT WARNING * * *
It was a potion of berserk rage.
A red film seems to cover your vision as you go berserk!
You feel yourself moving faster!
You feel mighty!
Terence hits you with an enchanted hand axe.
* * * LOW HITPOINT WARNING * * *
You barely miss Terence. You barely miss Terence.
Terence hits you with an enchanted hand axe!
* * * LOW HITPOINT WARNING * * *
You feel a strong urge to attack something.
You feel your anger nearly subside.
You are no longer berserk.
You are exhausted.
You feel yourself slow down.
There is a stone staircase leading up here.
You are feeling hungry.
Terence hits you with an enchanted hand axe!
* * * LOW HITPOINT WARNING * * *
You climb upwards.
There is a stone staircase leading down here.
Unknown command.
It was a potion of lignification.
You turn into a tree.
Your +1 robe of positive energy melds into your body.
You feel less protected from negative energy.
Your roots penetrate the ground.
Terence hits you but does no damage.
Terence hits you with an enchanted hand axe.
You die...

......#....................#).(..
#######..#################.#.#.##
.........####...........##.#.#.#.
.........#.....########.##.#.....
.........#.##..# ####......#.#.
#........#<....# #.......#.#.#.
#.....#.>#.#...#####.#####.#...#.
....###..#.........#.###########.
.).............@♣..#.............
......#............############..
#.......#.....##...# #..
#####.###.##.###.### #..
#..[....#.##.....# #..
#.###...#.##.###.##############..
#.#<....#.##......)..............
#.####[##)######.##############..
..........................# #..


You could see Terence.

Vanquished Creatures
  An orc wizard (D:3)
  An adder (D:2)
  2 worms (D:2)
  2 dart slugs
  2 leopard geckos
  An orc (D:3)
  9 bats
  8 goblins
  14 hobgoblins
  6 frilled lizards
  5 kobolds
  3 rats
54 creatures vanquished.

Notes
Turn   | Place    | Note
-------+----------+-------------------------------------------
     0 | D:1      | MalarOregon the Hill Orc Fire Elementalist began the quest
                  | for the Orb.
     0 | D:1      | Reached XP level 1. HP: 14/14 MP: 3/3
   429 | D:1      | You fall through a shaft!
   486 | D:1      | Reached XP level 2. HP: 22/22 MP: 1/4
   689 | D:1      | Learned a level 2 spell: Throw Flame
  1000 | D:1      | Reached skill level 1 in Fighting
  1082 | D:1      | Reached XP level 3. HP: 28/28 MP: 2/5
  2013 | D:2      | Reached XP level 4. HP: 35/35 MP: 3/6
  2113 | D:2      | Reached skill level 4 in Fire Magic
  2368 | D:3      | Noticed Terence
  2398 | D:2      | Slain by Terence

Skill      XL: |  1  2  3  4 |
---------------+-------------+-----
Fighting       | 1 |  1.8
Conjurations   | 2 |  2.5
Fire Magic     | 4 |  4.1
Spellcasting   | 2 |  2.0
Dodging        | 2 |  2.0
Stealth        | |  1.5

Action                   |  1- 3 |  4- 6 || total
-------------------------+-------+-------++-------
Melee: Unarmed           |     3 |       ||     3
       Dagger            |    34 |    33 ||    67
 Cast: Flame Tongue      |    61 |    20 ||    81
       Throw Flame       |     1 |     1 ||     2
  Use: Potion            |       |     4 ||     4
 Stab: Sleeping          |       |     1 ||     1
  Eat: Chunk             |     5 |     1 ||     6
Armor: Robe              |     6 |     1 ||     7
       Skin              |       |     1 ||     1
Dodge: Dodged            |    35 |    21 ||    56
